 Seeded DCSS version 0.28.0-53-g5a82cb258f (webtiles) character file.

Game seed: 6737368310326861808 (custom seed)

98 cbfl8 the Sneak (level 4, -2/40 HPs)
             Began as a Hill Orc Delver on July 17, 2022.
             Was an Initiate of Beogh.
             Slain by a hound (5 damage)
             ... on level 4 of the Dungeon.
             The game lasted 00:01:29 (563 turns).

cbfl8 the Sneak (Hill Orc Delver)                    Turns: 563, Time: 00:01:30

Health: -2/40      AC:  3    Str: 16    XL:     4   Next: 69%
Magic:  4/4        EV: 11    Int: 10    God:    Beogh [......]
Gold:   34         SH:  0    Dex: 12    Spells: 3/3 levels left

rFire   . . .      SeeInvis .   a - +0 hand axe
rCold   . . .      Faith    .   (no shield)
rNeg    . . .      Spirit   .   b - +0 leather armour
rPois   .          Reflect  .   (no helmet)
rElec   .          Harm     .   (no cloak)
rCorr   .          Rampage  .   (no gloves)
Will    .....                   (no boots)
Stlth   ++........              (no amulet)
HPRegen 0.13/turn               (no ring)
MPRegen 0.09/turn               (no ring)

@: no status effects
A: no striking features
a: Renounce Religion


You were on level 4 of the Dungeon.
You worshipped Beogh.
Beogh was noncommittal.
You visited 1 branch of the dungeon, and saw 2 of its levels.

You collected 34 gold pieces.

Inventory:

Hand Weapons
 a - a +0 hand axe (weapon)
Armour
 b - a +0 leather armour (worn)
Wands
 g - a wand of digging (3)
 i - a wand of acid (2)
Scrolls
 c - a scroll of fog
 d - a scroll of magic mapping
 e - a scroll of fear
 h - a scroll of enchant weapon {unknown}
Potions
 f - a potion of haste


   Skills:
 + Level 4.1 Fighting
 + Level 3.7 Axes
 + Level 1.2 Armour
 + Level 1.8 Dodging
 + Level 4.9 Stealth
 + Level 0.1 Evocations


You had 3 spell levels left.
You didn't know any spells.
Your spell library was empty.

Dungeon Overview and Level Annotations

Branches:
Dungeon (5/15)
 Temple: D:4-7

Altars:


Message History

A hound is nearby!
The hound barks!
The hound bites you. The hound barely misses you.
You hit the hound.
The hound is lightly wounded.
The hound closely misses you.
You barely miss the hound.
The hound is lightly wounded.
The hound bites you.
* * * LOW HITPOINT WARNING * * *
The hound misses you.
You barely miss the hound.
The hound is lightly wounded.
The hound bites you.
* * * LOW HITPOINT WARNING * * *
The hound barely misses you.
You closely miss the hound.
The hound is lightly wounded.
The hound bites you.
* * * LOW HITPOINT WARNING * * *
The hound barely misses you.
Aiming: Corrosive Bolt
Press: ? - help, Shift-Dir - straight line, f - hound
Aim: a hound (lightly wounded, 60% to hit)
The bolt of acid hits the hound!
The acid corrodes the hound!
The hound is severely wounded.
The hound completely misses you.
A hound is nearby!
Aiming: Corrosive Bolt
Press: ? - help, Shift-Dir - straight line, f/p - hound
Aim: a hound (severely wounded, covered in acid, 60% to hit)
The bolt of acid misses the hound.
The hound bites you but does no damage. The hound bites you.
* * * LOW HITPOINT WARNING * * *
Aiming: Corrosive Bolt
Press: ? - help, Shift-Dir - straight line, f/p - hound
Aim: a hound (severely wounded, covered in acid, 60% to hit)
The bolt of acid misses the hound.
The hound bites you.
You die...

#.....## #...†..#
#.# #....#.# #.##
#.(..#.###..##
#....#..##...
#######.##..+
#..#..#
#####.#..#
#..@h....#
######...# #...#
#...# #...# ##..#
#..+#######
.######..........
.J.......>.....#


You could see a hound (corroded).

Vanquished Creatures
  A necrophage (D:4)
  A hound skeleton (D:4)
  An orc (D:5)
  An endoplasm (D:4)
4 creatures vanquished.

Vanquished Creatures (others)
  An orc (D:5)
1 creature vanquished.

Grand Total: 5 creatures vanquished

Notes
Turn   | Place    | Note
-------+----------+-------------------------------------------
     0 | D:5      | cbfl8 the Hill Orc Delver began the quest for the Orb.
     0 | D:5      | Reached XP level 1. HP: 19/19 MP: 1/1
    22 | D:5      | Noticed an orc wizard
    31 | D:5      | Noticed an orc priest
    33 | D:5      | Became a worshipper of Beogh the Brigand
   345 | D:4      | Reached XP level 2. HP: 14/27 MP: 2/2
   527 | D:4      | Noticed a necrophage
   535 | D:4      | Killed a necrophage
   536 | D:4      | Reached skill level 1 in Armour
   536 | D:4      | Reached XP level 3. HP: 12/33 MP: 3/3
   536 | D:4      | Reached XP level 4. HP: 15/40 MP: 4/4
   563 | D:4      | Slain by a hound

Illustrated notes

Levels and vault maps discovered:
D:4:      layout_basic, serial_shops, shop, grunt_decor_mini_mirrors,
          minivault_11, uniq_edmund
D:5:      layout_basic, mainiacjoe_overflow_24_doors, kennysheep_another_room

Skill      XL: |  1  2 |
---------------+-------+-----
Axes           | 3 |  3.7
Fighting       | 4 |  4.1
Armour         | 1 |  1.2
Dodging        | |  1.8
Stealth        | |  4.9
Evocations     | |  0.1

Action                   |  1- 3 |  4- 6 || total
-------------------------+-------+-------++-------
Melee: Hand axe          |    27 |     4 ||    31
       Punch             |     1 |       ||     1
Invok: Convert to Beogh  |     1 |       ||     1
Evoke: Wand              |     3 |     3 ||     6
 Stab: Sleeping          |     1 |       ||     1
Armor: Leather armour    |     3 |     1 ||     4
Dodge: Dodged            |    20 |     6 ||    26
